Map: Moonlight Madness LE (Void)

Players

PSiArc - Winner!

  • Race: Protoss Protoss
  • League: Diamond

PhoenixKING

  • Race: Protoss Protoss
  • League: Diamond

VOD

Have the link to the VOD?

Description

uploading a ladder game for a friend

Time

  • Played on: Oct. 1, 2015, 11:07 a.m.
  • Length: 6:40
Show
View Real Time Build Order
Export as new Build Order

PSiArc Protoss - Winner!

Build Orders: 1 Gate Expand 

Get SALT Encoding   

  12  0:00  Probe (Chrono Boost)  
  13  0:10  Probe (Chrono Boost)  
  14  0:17  Pylon  
  14  0:21  Probe (Chrono Boost)  
  15  0:35  Probe (Chrono Boost)  
  16  0:36  Gateway  
  16  0:44  Probe (Chrono Boost)  
  16  0:47  Assimilator  
  17  0:54  Probe (Chrono Boost)  
  18  1:04  Probe (Chrono Boost)  
  19  1:15  Probe (Chrono Boost)  
  20  1:21  Nexus  
  20  1:32  Cybernetics Core  
  20  1:34  Probe (Chrono Boost)  
  21  1:43  Pylon  
  21  1:46  Probe (Chrono Boost)  
  22  1:54  Gateway  
  22  1:57  Probe (Chrono Boost)  
  23  2:02  Assimilator  
  23  2:08  Mothership Core (Chrono Boost)  
  23  2:13  Adept (Chrono Boost)  
  27  2:23  Pylon  
  27  2:29  Pylon  
  27  2:31  Warp Gate (Chrono Boost)  
  27  2:40  Adept (Chrono Boost)  
  29  2:48  Probe x2  
  29  2:50  Stalker (Chrono Boost)  
  33  3:01  Probe  
  34  3:06  Probe  
  34  3:10  Stalker (Chrono Boost)  
  37  3:20  Zealot (Chrono Boost)  
  37  3:22  Probe  
  37  3:23  Probe  
  38  3:32  Probe  
  39  3:35  Probe  
  39  3:36  Stargate  
  39  3:38  Assimilator  
  40  3:42  Probe  
  40  3:47  Adept  
  43  3:50  Probe  
  43  3:51  Probe  
  45  4:02  Probe  
  46  4:06  Probe  
  46  4:07  Gateway  
  46  4:08  Gateway  
  47  4:14  Probe  
  48  4:17  Probe  
  49  4:26  Probe  
  49  4:29  Pylon  
  49  4:31  Probe  
  50  4:35  Phoenix  
  53  4:53  Probe  
  53  4:57  Adept x2  
  53  4:59  Phoenix (Chrono Boost)  
  57  5:04  Probe  
  57  5:05  Probe  
  61  5:09  Pylon  
  61  5:18  Adept x2  
  61  5:19  Adept x2  
  69  5:24  Pylon  
  69  5:25  Pylon  
  69  5:26  Phoenix (Chrono Boost)  
  71  5:44  Probe  
  71  5:45  Probe  
  71  5:46  Phoenix (Chrono Boost)  
  75  5:51  Robotics Facility  
  73  5:57  Nexus  
  71  6:08  Probe  
  71  6:09  Probe  
  71  6:10  Phoenix (Chrono Boost)  
  65  6:20  Adept x4  
  65  6:24  Probe  
  62  6:26  Probe  
  61  6:39  Assimilator  
Show
View Real Time Build Order
Export as new Build Order

PhoenixKING Protoss 

Build Orders: Oracle Opening 

Get SALT Encoding   

  12  0:08  Pylon  
  12  0:13  Probe (Chrono Boost)  
  13  0:23  Probe (Chrono Boost)  
  14  0:31  Gateway  
  14  0:38  Assimilator  
  14  0:40  Probe (Chrono Boost)  
  15  0:50  Probe (Chrono Boost)  
  16  0:57  Gateway  
  16  1:00  Probe (Chrono Boost)  
  17  1:10  Probe (Chrono Boost)  
  18  1:19  Cybernetics Core  
  18  1:25  Assimilator  
  18  1:27  Probe (Chrono Boost)  
  19  1:43  Probe (Chrono Boost), Pylon  
  20  1:55  Mothership Core (Chrono Boost)  
  22  2:04  Adept  
  22  2:05  Adept  
  22  2:08  Warp Gate  
  26  2:15  Pylon  
  26  2:26  Pylon  
  26  2:37  Pylon  
  25  2:53  Stalker (Chrono Boost)  
  25  2:54  Stargate  
  21  3:28  Mothership Core  
  23  3:37  Oracle (Chrono Boost)  
  26  3:50  Probe  
  26  3:53  Nexus  
  27  4:02  Probe  
  28  4:11  Pylon  
  28  4:14  Probe  
  29  4:17  Oracle (Chrono Boost)  
  31  4:33  Pylon x2  
  31  4:57  Stalker x2  
  32  5:07  Gateway x2  
  32  5:10  Gateway  
  32  5:11  Phoenix (Chrono Boost)  
  34  5:26  Stalker x2  
  29  6:14  Stalker x2  
Tags
 
Add a new tag
Caveats
  • Supply blocks, unpowered buildings, or Contaminate may cause inaccurate times.
  • Supply counts are checked every 10 seconds.